 Dungeon Crawl Stone Soup version 0.30.0-10-gfe55d96785 (webtiles) character file.

Game seed: 15560779308045213589

122291 qw the Severer (level 16, -10/108 HPs)
             Began as a Gargoyle Cinder Acolyte on May 17, 2023.
             Was an Elder of Okawaru.
             Mangled by an emperor scorpion (11 damage)
             ... on level 3 of the Spider Nest.
             The game lasted 00:20:28 (27777 turns).

qw the Severer (Gargoyle Cinder Acolyte)           Turns: 27777, Time: 00:20:28

Health: -10/108    AC: 35    Str: 25    XL:     16   Next: 87%
Magic:  23/23      EV: 16    Int: 21    God:    Okawaru [****..]
Gold:   811        SH: 13    Dex:  5    Spells: 17/17 levels left

rFire   + . .        p - +3 war axe (vamp)
rCold   + + .        q - +0 kite shield
rNeg    + . .        x - +0 ice dragon scales
rPois   inf          a - +2 helmet
rElec   +            t - +2 cloak of the Thief {*Fog Slay-2 SInv Stlth+}
rCorr   .            v - +0 pair of gloves of the Eternal Fruit {rF+ Int+5}
SInv    +            e - +0 pair of boots
Will    +....        k - amulet of the acrobat
Stlth   ++           j - +4 ring of protection
HPRegen 0.38/turn    l - +5 ring of evasion
MPRegen 0.18/turn

%: acrobat
@: about to teleport, heroic, corroded, flying
A: sickness immunity, AC +12, big wings, negative energy resistance 1,
electricity resistance, torment resistance 1, petrification resistance, fire
resistance 1, screaming 1, wild magic 1
a: Renounce Religion, Heroism, Finesse


You were on level 3 of the Spider Nest.
You worshipped Okawaru.
Okawaru was greatly pleased with you.
You visited 4 branches of the dungeon, and saw 25 of its levels.

You collected 3145 gold pieces.
You spent 2334 gold pieces at shops.


Innate Abilities, Weirdness & Mutations

You are immune to sickness and miasma.
Your stone body is resilient. (AC +12)
You are immune to poison.
Your large and strong wings let you fly.
You resist negative energy. (rN+)
You are resistant to electric shocks. (rElec)
You are resistant to unholy torment.
You are immune to petrification.
Your flesh is heat resistant. (rF+)
You occasionally shout uncontrollably at your foes.
Your spells are a little harder to cast, but a little more powerful.


   Skills:
 - Level 15.0(20.0) Fighting
 - Level 16.0(21.0) Axes
 - Level 6.0(11.0) Throwing
 + Level 12.5(17.5) Armour
 - Level 4.1(9.1) Dodging
 - Level 14.0(19.0) Shields
 - Level 1.0 Spellcasting
 - Level 3.0 Fire Magic
 - Level 10.0 Invocations


You had 17 spell levels left.
You didn't know any spells.
Your spell library contained the following spells:

 Spells                   Type           Power      Damage    Failure   Level
 Scorch                   Fire           34%        2d6       26%         2

Inventory:

Hand Weapons
 f - a -1 hand axe of flaming
 p - a +3 vampiric war axe (weapon)
Missiles
 u - 3 silver boomerangs (quivered)
Armour
 a - a +2 helmet (worn)
 e - a +0 pair of boots (worn)
 n - the +5 ring mail of Complete Protection {Regen+ Dex+3}
   (You took it off an orc priest on level 6 of the Dungeon)

   Dex:       It affects your dexterity (+3).
   Regen:     It increases your rate of health regeneration.
 q - a +0 kite shield (worn)
 t - the +2 cloak of the Thief (worn) {*Fog Slay-2 SInv Stlth+}
   (You acquired it on level 3 of the Lair of Beasts)

   *Fog:      It may release a thick cloud of smoke when the wearer is hurt.
   Slay:      It affects your accuracy & damage with ranged weapons and melee
   (-2).
   SInv:      It lets you see invisible.
   Stlth:     It makes you more stealthy.
 v - the +0 pair of gloves of the Eternal Fruit (worn) {rF+ Int+5}
   (You found it on level 2 of the Lair of Beasts)

   Int:       It affects your intelligence (+5).
   rF:        It protects you from fire.
 w - a +2 chain mail of fire resistance
 x - +0 ice dragon scales (worn)
Jewellery
 h - a ring of protection from fire
 j - a +4 ring of protection (left hand)
 k - an amulet of the acrobat (around neck)
 l - a +5 ring of evasion (right hand)
 o - a ring of protection from fire
Wands
 m - a wand of digging (5)
Scrolls
 d - 4 scrolls of identify
 i - 4 scrolls of teleportation
Potions
 b - 3 potions of haste
 c - 2 potions of cancellation
 r - 6 potions of might

Dungeon Overview and Level Annotations

Branches:
Dungeon (15/15)            Temple (0/1) D:7            Lair (5/5) D:10
  Swamp (0/4) Lair:3       Spider (3/4) Lair:2        Slime (0/5) Lair:4
    Orc (2/2) D:12            Elf (0/3) Orc:2        Vaults (0/5) D:14
 Depths (0/4) D:15

Altars:
Nemelex Xobeh
Okawaru
Qazlal
Ru
Yredelemnul
The Shining One

Shops:
D:6 =   D:10 ?   D:14 (   Orc:1 (   Orc:2 *:([[

Portals:
Trove: D:10 (give +4 ice dragon scales)

Annotations:
D:3 1 runed translucent door, Crazy Yiuf
Spider:2 1 runed translucent door, Zosacw's ghost, adept HaHu


Message History

You miss the culicivora. You slice the demonic crawler!!
You hit the emperor scorpion but do no damage.
The culicivora bites you but does no damage.
The demonic crawler hits you but does no damage.
The demonic crawler misses you. You block the demonic crawler's attack.
The emperor scorpion stings you but does no damage.
You block the emperor scorpion's attack.
The emperor scorpion claws you but does no damage.
You barely miss the entropy weaver.
The entropy weaver is severely wounded.
You miss the culicivora. You barely miss the demonic crawler.
You hit the emperor scorpion. You block the entropy weaver's attack.
The entropy weaver misses you.
The entropy weaver hits you but does no damage.
The entropy weaver closely misses you.
The culicivora bites you but does no damage.
You block the demonic crawler's attack. The demonic crawler barely misses you.
The demonic crawler misses you.
You hit the entropy weaver.
The entropy weaver is severely wounded.
You closely miss the demonic crawler.
You hit the emperor scorpion but do no damage.
You closely miss the culicivora.
The emperor scorpion stings you but does no damage.
The emperor scorpion claws you but does no damage. x2
The entropy weaver hits you but does no damage. x2
You block the entropy weaver's attack. x2; The culicivora misses you.
The demonic crawler hits you! You block the demonic crawler's attack.
The demonic crawler hits you but does no damage.
27777 ||| READING 5 scrolls of teleportation.
As you read the scroll of teleportation, it crumbles to dust.
You feel strangely unstable. The emperor scorpion stings you!!
The emperor scorpion completely misses you.
The emperor scorpion misses you. The culicivora completely misses you.
You block the entropy weaver's attack. x3
The entropy weaver hits you but does no damage.
You block the demonic crawler's attack. The demonic crawler hits you.
The demonic crawler barely misses you. The emperor scorpion stings you!
You die...

###### #.¤¤¤###
#¤¤¤¤B¤#
#¤¤¤@¤¤#
#~~...sss.¤....
~~...^¤¤¤¤¤..<.
#.#..#..¤..#....
^.........#..^..
.........#......
^^#...^(..#.....
.. ....... ....


You could see an emperor scorpion, an entropy weaver, a demonic crawler and a
culicivora.

Vanquished Creatures
  Saint Roka (Orc:2)
  Gastronok (D:9)
  Frances (D:13)
  An emperor scorpion (Spider:3)
  A caustic shrike zombie (D:15)
  3 broodmothers (Spider:2)
  Nessos (D:15)
  3 dire elephants (Lair:5)
  2 spark wasps (Spider:2)
  An entropy weaver (Spider:1)
  6 hydras
  A catoblepas (D:15)
  Erica (D:11)
  An ogre mage (D:14)
  A jorogumo (Spider:2)
  A radroach (Spider:1)
  3 centaur warriors
  4 two-headed ogres
  A death yak (Lair:5)
  A vampire mage (D:15)
  6 boulder beetles
  2 spectral dire elephants (Lair:5)
  An orc high priest (Orc:2)
  2 skysharks (Lair:3)
  Nergalle (D:10)
  Sonja (Orc:1)
  6 pharaoh ants
  7 skeletal warriors
  2 sun moths (Spider:1)
  A spectral death yak (Lair:5)
  Lodul (D:13)
  A spectral anaconda (Lair:5)
  6 orb spiders
  An obsidian statue (Lair:5)
  A steelbarb worm (Spider:2)
  A deep elf archer (D:14)
  3 deep elf zephyrmancers (D:14)
  3 orc knights (Orc:2)
  An orange crystal statue (Lair:4)
  3 deep elf pyromancers (D:14)
  4 necromancers
  2 ugly things (D:13)
  2 manticores (D:15)
  A moth of wrath (Spider:1)
  3 cyclopes
  A frost giant zombie (D:15)
  13 wolf spiders
  4 orc sorcerers
  A fire giant zombie (D:15)
  5 black mambas
  15 elephants
  2 dire elephant zombies (Lair:5)
  A torpor snail (Spider:1)
  A molten gargoyle (Lair:5)
  4 centaur skeletons (D:14)
  Joseph (D:11)
  An unseen horror (D:10)
  15 cane toads
  4 yaktaurs (D:14)
  Maggie (D:6)
  A demonic crawler (Spider:2)
  A kobold demonologist (D:11)
  A gargoyle (D:6)
  2 freezing wraiths (D:15)
  3 komodo dragons (Lair:5)
  A queen bee (D:12)
  4 meliai
  6 trolls
  13 tarantellas
  A troll (shapeshifter) (D:15)
  4 hornets
  14 blink frogs
  6 dream sheep (Lair:5)
  A spectral elephant (Lair:5)
  7 culicivoras
  13 jumping spiders
  61 yaks
  A spriggan (Lair:4)
  A spriggan skeleton (D:15)
  A vampire (D:14)
  3 wraiths
  5 wyverns
  16 fire elementals
  5 basilisks
  Grum (D:11)
  2 steam dragons (D:9)
  24 redbacks
  10 vampire mosquitoes
  A spectral cane toad (Lair:5)
  Menkaure (D:5)
  A swamp worm (Lair:3)
  2 wargs
  Edmund (D:4)
  2 acid dragons
  9 water moccasins
  2 ice beasts
  3 sky beasts (D:6)
  3 black bears
  20 orc warriors
  13 ogres
  6 centaurs
  4 elephant zombies (Lair:5)
  17 wolves
  4 kobold brigands
  7 bullfrogs
  3 gnoll sergeants
  3 scorpions
  2 cane toad simulacra (Lair:5)
  3 wights (D:8)
  32 killer bees
  2 elephant simulacra (Lair:5)
  10 howler monkeys
  3 electric eels
  2 lava snakes (Lair:5)
  19 orc priests
  A gnoll bouda (D:6)
  5 hounds
  15 jellies
  23 orc wizards
  Terence (D:2)
  A sleepcap (D:4)
  Ijyb (D:5)
  Natasha (D:4)
  2 iguanas
  30 gnolls
  4 adders
  2 shadow imps
  A worm (D:4)
  3 dart slugs
  68 orcs
  4 ball pythons
  7 bats
  12 endoplasms
  7 hobgoblins
  7 jackals
  19 kobolds
  A quokka (D:2)
  4 frilled lizards
  7 goblins
  8 rats
  A fire vortex (Lair:5)
784 creatures vanquished.

Vanquished Creatures (others)
  Jorgrun (Orc:1)
  A wyvern (D:8)
  A culicivora (Spider:1)
  2 orc wizards
5 creatures vanquished.

Grand Total: 789 creatures vanquished

Notes
Turn   | Place    | Note
-------+----------+-------------------------------------------
     0 | D:1      | qw the Gargoyle Cinder Acolyte began the quest for the Orb.
     0 | D:1      | Reached XP level 1. HP: 14/14 MP: 2/2
     0 | D:1      | 0 ||| qw: Version: 0.2-a-95-g206ef33
     0 | D:1      | 0 ||| qw: Game counter: 167
     0 | D:1      | 0 ||| qw: Always use a shield: true
     0 | D:1      | 0 ||| qw: God list: Okawaru
     0 | D:1      | 0 ||| qw: Allow faded altars: false
     0 | D:1      | 0 ||| qw: Do Orc after D:15 true
     0 | D:1      | 0 ||| qw: Do second Lair branch before Depths: true
     0 | D:1      | 0 ||| qw: Lair rune preference: random
     0 | D:1      | 0 ||| qw: Plans: Normal
     0 | D:1      | 0 ||| PLANNING D:1-11
    11 | D:1      | 11 ||| Stepping ~*~*~tactically~*~*~ (stealth).
    21 | D:1      | Reached skill level 3 in Axes
    40 | D:1      | Reached XP level 2. HP: 19/19 MP: 3/3
   376 | D:1      | 376 ||| Stepping ~*~*~tactically~*~*~ (stealth).
   427 | D:1      | 427 ||| UPGRADING to +0 ring mail.
   442 | D:1      | Reached XP level 3. HP: 14/23 MP: 4/4
   479 | D:1      | 479 ||| DROPPING +0 robe.
   781 | D:1      | 781 ||| READING scroll labelled XIANOPSATTE.
   782 | D:1      | 782 ||| READING scroll labelled CALOULYINU.
   883 | D:1      | 883 ||| READING scroll labelled MUOLEDGH VYATS.
   884 | D:1      | 884 ||| READING scroll labelled UMMUINA CIOCUE.
   979 | D:2      | Reached skill level 4 in Axes
   995 | D:2      | 995 ||| Stepping ~*~*~tactically~*~*~ (stealth).
  1014 | D:2      | 1014 ||| Stepping ~*~*~tactically~*~*~ (stealth).
  1198 | D:2      | Noticed Terence
  1210 | D:2      | 1210 ||| INVOKING Fiery Armour.
  1220 | D:2      | Killed Terence
  1221 | D:2      | Reached XP level 4. HP: 13/28 MP: 5/5
  1512 | D:2      | 1512 ||| Stepping ~*~*~tactically~*~*~ (hiding).
  2025 | D:2      | Reached XP level 5. HP: 32/32 MP: 6/6
  2159 | D:2      | 2159 ||| UPGRADING to +0 scale mail.
  2169 | D:2      | 2169 ||| DROPPING +0 ring mail.
  2170 | D:2      | 2170 ||| UPGRADING to +4 ring of protection.
  2171 | D:2      | 2171 ||| UPGRADING to +5 ring of evasion.
  2172 | D:2      | 2172 ||| READING scroll labelled OCKAMA BIGOQA.
  2173 | D:2      | 2173 ||| DRINKING 2 blue potions.
  2278 | D:2      | 2278 ||| DRINKING 2 bubbling puce potions.
  2279 | D:2      | 2279 ||| DROPPING potion of berserk rage.
  2405 | D:3      | 2405 ||| Stepping ~*~*~tactically~*~*~ (stealth).
  2412 | D:3      | 2412 ||| Stepping ~*~*~tactically~*~*~ (hiding).
  2428 | D:3      | Reached skill level 5 in Axes
  2636 | D:3      | 2636 ||| Stepping ~*~*~tactically~*~*~ (stealth).
  2641 | D:3      | 2641 ||| Stepping ~*~*~tactically~*~*~ (stealth).
  2643 | D:3      | 2643 ||| Stepping ~*~*~tactically~*~*~ (hiding).
  2732 | D:3      | Found a runed translucent door.
  2733 | D:3      | Noticed Crazy Yiuf
  3200 | D:3      | 3200 ||| UPGRADING to +0 helmet.
  3205 | D:3      | 3205 ||| DROPPING +6 ring of strength.
  3206 | D:3      | 3206 ||| READING scroll labelled GOPYSAZUSE.
  3207 | D:3      | 3207 ||| READING 3 scrolls of identify.
  3207 | D:3      | 3207 ||| IDENTIFYING fizzy white potion
  3208 | D:3      | 3208 ||| READING 2 scrolls of identify.
  3208 | D:3      | 3208 ||| IDENTIFYING inky potion
  3260 | D:4      | Noticed Edmund
  3289 | D:4      | 3289 ||| INVOKING Fiery Armour.
  3297 | D:4      | Killed Edmund
  3298 | D:4      | Reached XP level 6. HP: 23/40 MP: 7/7
  3596 | D:4      | 3596 ||| Stepping ~*~*~tactically~*~*~ (hiding).
  3653 | D:4      | Reached XP level 7. HP: 44/44 MP: 8/8
  3727 | D:4      | Reached skill level 6 in Axes
  3731 | D:4      | 3731 ||| INVOKING Fiery Armour.
  4028 | D:4      | Noticed Natasha
  4040 | D:4      | Killed Natasha
  4102 | D:5      | Entered Level 5 of the Dungeon
  4160 | D:5      | Noticed Menkaure
  4168 | D:5      | Killed Menkaure
  4171 | D:5      | Noticed Ijyb
  4180 | D:5      | Killed Ijyb
  4294 | D:5      | Identified the +7 dagger of Upheaval {flame, Int+3 Dex+3}
  4460 | D:5      | 4460 ||| Stepping ~*~*~tactically~*~*~ (hiding).
  4468 | D:5      | Reached skill level 7 in Axes
  4612 | D:5      | 4612 ||| Stepping ~*~*~tactically~*~*~ (hiding).
  4613 | D:5      | 4613 ||| Stepping ~*~*~tactically~*~*~ (hiding).
  4614 | D:5      | 4614 ||| Stepping ~*~*~tactically~*~*~ (hiding).
  4615 | D:5      | 4615 ||| Stepping ~*~*~tactically~*~*~ (hiding).
  4618 | D:5      | 4618 ||| DRINKING potion of curing.
  4618 | D:5      | 4618 ||| (to cure confusion)
  5078 | D:5      | 5078 ||| UPGRADING to +1 scale mail of cold resistance.
  5088 | D:5      | 5088 ||| DROPPING +0 scale mail.
  5089 | D:5      | 5089 ||| UPGRADING to +0 chain mail.
  5099 | D:5      | 5099 ||| DROPPING +1 scale mail of cold resistance.
  5100 | D:5      | 5100 ||| READING scroll labelled KURROR ADAST.
  5101 | D:5      | 5101 ||| READING scroll labelled OFFAMU ITIO.
  5102 | D:5      | 5102 ||| DRINKING 4 coppery potions.
  5103 | D:5      | 5103 ||| DROPPING 3 potions of attraction.
  5202 | D:6      | Noticed a gargoyle
  5203 | D:6      | 5203 ||| Stepping ~*~*~tactically~*~*~ (hiding).
  5214 | D:6      | 5214 ||| INVOKING Fiery Armour.
  5214 | D:6      | HP: 8/44 [gargoyle/+0 dire flail (11)]
  5215 | D:6      | 5215 ||| READING 3 scrolls of teleportation.
  5216 | D:6      | 5216 ||| DRINKING potion of heal wounds.
  5310 | D:6      | Reached skill level 3 in Armour
  5310 | D:6      | Reached XP level 8. HP: 23/49 MP: 9/9
  5479 | D:6      | 5479 ||| INVOKING Fiery Armour.
  5607 | D:6      | Identified the +0 leather armour "Othrar" {Int+3}
  5823 | D:6      | Killed a gargoyle
  5824 | D:6      | Reached skill level 8 in Axes
  5841 | D:6      | 5841 ||| INVOKING Fiery Armour.
  5997 | D:6      | 5997 ||| Stepping ~*~*~tactically~*~*~ (hiding).
  6004 | D:6      | 6004 ||| INVOKING Fiery Armour.
  6012 | D:6      | Reached skill level 6 in Fighting
  6027 | D:6      | Reached XP level 9. HP: 48/56 MP: 10/10
  6030 | D:6      | Reached skill level 9 in Axes
  6106 | D:6      | Noticed Maggie
  6107 | D:6      | 6107 ||| Stepping ~*~*~tactically~*~*~ (hiding).
  6128 | D:6      | 6128 ||| INVOKING Fiery Armour.
  6135 | D:6      | Killed Maggie
  6284 | D:6      | Found Goatt's Jewellery Emporium.
  6287 | D:6      | Identified the +5 ring mail of Complete Protection {Regen+
                  | Dex+3}
  6360 | D:6      | 6360 ||| SHOPLISTING amulet of reflection (420 gold, have
                  | 401).
  6360 | D:6      | 6360 ||| SHOPLISTING amulet of the Many Dancing Lives
                  | {Faith Slay+3} (834 gold, have 401).
  6360 | D:6      | 6360 ||| BUYING ring of protection from fire (350 gold).
  6360 | D:6      | Bought a ring of protection from fire for 350 gold pieces
  6360 | D:6      | 6360 ||| SHOPLISTING ring of protection from fire (350
                  | gold, have 51).
  6992 | D:6      | 6992 ||| UPGRADING to +5 ring mail of Complete Protection
                  | {Regen+ Dex+3}.
  7002 | D:6      | 7002 ||| DROPPING +0 chain mail.
  7003 | D:6      | 7003 ||| DROPPING ring of flight.
  7004 | D:6      | 7004 ||| READING scroll labelled MAAPHE YSEGUCH.
  7005 | D:6      | 7005 ||| READING scroll labelled BAPSAE DEESAYC.
  7006 | D:6      | 7006 ||| READING 3 scrolls of identify.
  7006 | D:6      | 7006 ||| IDENTIFYING clear potion
  7007 | D:6      | 7007 ||| READING 2 scrolls of identify.
  7007 | D:6      | 7007 ||| IDENTIFYING brown potion
  7008 | D:6      | 7008 ||| DROPPING potion of lignification.
  7123 | D:7      | Reached skill level 1 in Dodging
  7256 | D:7      | Reached skill level 10 in Axes
  7289 | D:7      | 7289 ||| INVOKING Fiery Armour.
  7362 | D:7      | Found a staircase to the Ecumenical Temple.
  7414 | D:7      | 7414 ||| Stepping ~*~*~tactically~*~*~ (stealth).
  7420 | D:7      | Reached skill level 1 in Throwing
  7584 | D:7      | Identified the +3 war axe "Per Im Pafa" {heavy, rN+ Str+3}
  7607 | D:7      | 7607 ||| SWAPPING to +3 war axe "Per Im Pafa" {heavy, rN+
                  | Str+3}.
  7840 | D:7      | Reached XP level 10. HP: 64/64 MP: 11/11
  7914 | D:7      | 7914 ||| Stepping ~*~*~tactically~*~*~ (stealth).
  7925 | D:7      | 7925 ||| Stepping ~*~*~tactically~*~*~ (hiding).
  8005 | D:7      | 8005 ||| DROPPING ring of ice.
  8006 | D:7      | 8006 ||| DROPPING ring of protection from cold.
  8007 | D:7      | 8007 ||| DROPPING ring of wizardry.
  8008 | D:7      | 8008 ||| READING 2 scrolls labelled ORIUS FATRUBBU.
  8009 | D:7      | 8009 ||| READING scroll labelled DEYFUPTAUT.
  8010 | D:7      | 8010 ||| READING 2 scrolls of identify.
  8010 | D:7      | 8010 ||| IDENTIFYING sedimented emerald potion
  8011 | D:7      | 8011 ||| DROPPING potion of invisibility.
  8012 | D:7      | 8012 ||| DROPPING scroll of poison.
  8310 | D:8      | 8310 ||| Stepping ~*~*~tactically~*~*~ (stealth).
  8313 | D:8      | 8313 ||| Stepping ~*~*~tactically~*~*~ (stealth).
  8331 | D:8      | Reached skill level 11 in Axes
  8400 | D:8      | Identified the +5 dagger "Loyhuepi" {freeze, rC+ Int-4
                  | Dex+4}
  8507 | D:8      | 8507 ||| Stepping ~*~*~tactically~*~*~ (stealth).
  8513 | D:8      | 8513 ||| UPGRADING to +0 pair of boots.
  8626 | D:8      | Found a stormy altar of Qazlal.
  8628 | D:8      | Found a sparkling altar of Nemelex Xobeh.
  8706 | D:8      | Found an iron altar of Okawaru.
  8707 | D:8      | Found a sacrificial altar of Ru.
  8708 | D:8      | Found a glowing golden altar of the Shining One.
  8795 | D:8      | Reached skill level 9 in Fighting
  9151 | D:8      | 9151 ||| DROPPING +6 ring of dexterity.
  9152 | D:8      | 9152 ||| READING scroll labelled ATWASTREIMO.
  9153 | D:8      | 9153 ||| READING scroll labelled DUBBINO WOAT.
  9164 | D:8      | 9164 ||| DRINKING 3 fizzy ruby potions.
  9165 | D:8      | 9165 ||| DROPPING 2 potions of brilliance.
  9207 | D:9      | 9207 ||| INVOKING Fiery Armour.
  9261 | D:9      | Noticed Gastronok
  9262 | D:9      | 9262 ||| Stepping ~*~*~tactically~*~*~ (hiding).
  9262 | D:9      | Noticed a two-headed ogre
  9263 | D:9      | 9263 ||| Stepping ~*~*~tactically~*~*~ (hiding).
  9267 | D:9      | 9267 ||| Stepping ~*~*~tactically~*~*~ (hiding).
  9270 | D:9      | Killed a two-headed ogre
  9271 | D:9      | 9271 ||| Stepping ~*~*~tactically~*~*~ (hiding).
  9279 | D:9      | Killed Gastronok
  9280 | D:9      | Reached skill level 12 in Axes
  9405 | D:9      | 9405 ||| Stepping ~*~*~tactically~*~*~ (stealth).
  9406 | D:9      | 9406 ||| Stepping ~*~*~tactically~*~*~ (stealth).
  9408 | D:9      | 9408 ||| Stepping ~*~*~tactically~*~*~ (hiding).
  9417 | D:9      | Reached XP level 11. HP: 71/71 MP: 12/12
  9423 | D:9      | 9423 ||| Stepping ~*~*~tactically~*~*~ (stealth).
  9432 | D:9      | 9432 ||| STAIRDANCE
  9464 | D:9      | 9464 ||| STAIRDANCE
  9594 | D:9      | 9594 ||| Stepping ~*~*~tactically~*~*~ (stealth).
  9645 | D:9      | 9645 ||| Stepping ~*~*~tactically~*~*~ (stealth).
  9948 | D:10     | Entered Level 10 of the Dungeon
  9994 | D:10     | 9994 ||| INVOKING Fiery Armour.
  9997 | D:10     | Reached skill level 13 in Axes
 10017 | D:10     | Found Zommeaxt's Magic Scroll Shop.
 10017 | D:10     | Found a staircase to the Lair.
 10028 | D:10     | 10028 ||| Stepping ~*~*~tactically~*~*~ (stealth).
 10048 | D:10     | 10048 ||| BUYING scroll of enchant weapon (97 gold).
 10048 | D:10     | Bought a scroll of enchant weapon for 97 gold pieces
 10048 | D:10     | 10048 ||| BUYING scroll of identify (26 gold).
 10048 | D:10     | Bought a scroll of identify for 26 gold pieces
 10048 | D:10     | 10048 ||| BUYING scroll of teleportation (39 gold).
 10048 | D:10     | Bought a scroll of teleportation for 39 gold pieces
 10109 | D:10     | 10109 ||| Stepping ~*~*~tactically~*~*~ (stealth).
 10111 | D:10     | 10111 ||| Stepping ~*~*~tactically~*~*~ (hiding).
 10123 | D:10     | 10123 ||| Stepping ~*~*~tactically~*~*~ (hiding).
 10280 | D:10     | Noticed Nergalle
 10286 | D:10     | Killed Nergalle
 10763 | D:10     | 10763 ||| SWAPPING to +1 vampiric war axe.
 10764 | D:10     | 10764 ||| DROPPING +3 war axe "Per Im Pafa" {heavy, rN+
                  | Str+3}.
 10765 | D:10     | 10765 ||| READING scroll of enchant weapon.
 10765 | D:10     | 10765 ||| ENCHANTING +1 vampiric war axe.
 10827 | D:10     | Found a portal to a secret trove of treasure.
 11007 | D:10     | 11007 ||| PLANNING LAIR
 11007 | D:10     | 11007 ||| UPGRADING to amulet of the acrobat.
 11012 | D:10     | 11012 ||| READING 2 scrolls of identify.
 11012 | D:10     | 11012 ||| IDENTIFYING golden potion
 11059 | Lair:1   | Entered Level 1 of the Lair of Beasts
 11060 | Lair:1   | 11060 ||| INVOKING Fiery Armour.
 11064 | Lair:1   | 11064 ||| STAIRDANCE
 11075 | D:10     | Reached skill level 14 in Axes
 11079 | Lair:1   | 11079 ||| STAIRDANCE
 11192 | Lair:1   | 11192 ||| Stepping ~*~*~tactically~*~*~ (stealth).
 11219 | Lair:1   | Reached XP level 12. HP: 80/80 MP: 13/13
 11233 | Lair:1   | 11233 ||| INVOKING Fiery Armour.
 11255 | Lair:1   | Reached skill level 3 in Dodging
 11292 | Lair:1   | 11292 ||| READING scroll of enchant weapon.
 11292 | Lair:1   | 11292 ||| ENCHANTING +2 vampiric war axe.
 11310 | Lair:1   | 11310 ||| PLANNING OKAWARU WORSHIP
 11310 | Lair:1   | 11310 ||| READING 2 scrolls of identify.
 11310 | Lair:1   | 11310 ||| IDENTIFYING orange potion
 11447 | D:8      | Fell from the grace of Ignis
 11447 | D:8      | Became a worshipper of Warmaster Okawaru
 11448 | D:8      | 11448 ||| PLANNING LAIR
 11631 | Lair:1   | 11631 ||| Stepping ~*~*~tactically~*~*~ (hiding).
 11632 | Lair:1   | 11632 ||| Stepping ~*~*~tactically~*~*~ (hiding).
 11634 | Lair:1   | 11634 ||| Stepping ~*~*~tactically~*~*~ (hiding).
 11635 | Lair:1   | 11635 ||| Stepping ~*~*~tactically~*~*~ (hiding).
 11639 | Lair:1   | 11639 ||| Stepping ~*~*~tactically~*~*~ (hiding).
 12229 | Lair:2   | Found a basalt altar of Yredelemnul.
 12238 | Lair:2   | 12238 ||| STAIRDANCE
 12283 | Lair:2   | Reached * piety under Okawaru
 12296 | Lair:2   | Reached skill level 1 in Invocations
 12479 | Lair:2   | 12479 ||| Stepping ~*~*~tactically~*~*~ (stealth).
 12480 | Lair:2   | 12480 ||| Stepping ~*~*~tactically~*~*~ (stealth).
 12645 | Lair:2   | 12645 ||| Stepping ~*~*~tactically~*~*~ (stealth).
 12660 | Lair:2   | 12660 ||| Stepping ~*~*~tactically~*~*~ (stealth).
 12662 | Lair:2   | Found a hole to the Spider Nest.
 12712 | Lair:2   | 12712 ||| Stepping ~*~*~tactically~*~*~ (stealth).
 12714 | Lair:2   | 12714 ||| INVOKING Heroism.
 12757 | Lair:2   | Reached skill level 3 in Invocations
 12889 | Lair:2   | Identified the +8 falchion of the Avant Garde God {flame,
                  | Will- Str-3 Dex+9 Stlth+}
 12904 | Lair:2   | Identified the +0 pair of gloves of the Eternal Fruit {rF+
                  | Int+5}
 13040 | Lair:2   | 13040 ||| UPGRADING to +0 pair of gloves of the Eternal
                  | Fruit {rF+ Int+5}.
 13045 | Lair:2   | 13045 ||| READING scroll labelled YHIM QETHAUVO.
 13122 | Lair:3   | Noticed a skyshark
 13137 | Lair:3   | Killed a skyshark
 13137 | Lair:3   | Reached ** piety under Okawaru
 13177 | Lair:3   | Noticed a six-headed hydra
 13177 | Lair:3   | Noticed an eight-headed hydra
 13178 | Lair:3   | 13178 ||| Stepping ~*~*~tactically~*~*~ (hiding).
 13179 | Lair:3   | 13179 ||| INVOKING Heroism.
 13181 | Lair:3   | 13181 ||| SWAPPING to -1 hand axe of flaming.
 13191 | Lair:3   | Killed a one-headed hydra
 13195 | Lair:3   | Killed a one-headed hydra
 13196 | Lair:3   | Reached skill level 6 in Armour
 13196 | Lair:3   | 13196 ||| SWAPPING to +3 vampiric war axe.
 13200 | Lair:3   | 13200 ||| INVOKING Heroism.
 13262 | Lair:3   | Found a staircase to the Swamp.
 13411 | Lair:3   | Reached skill level 15 in Axes
 13449 | Lair:3   | 13449 ||| Stepping ~*~*~tactically~*~*~ (hiding).
 13450 | Lair:3   | 13450 ||| Stepping ~*~*~tactically~*~*~ (hiding).
 13569 | Lair:3   | Reached *** piety under Okawaru
 13593 | Lair:3   | Noticed a skyshark
 13609 | Lair:3   | Killed a skyshark
 13645 | Lair:3   | Reached skill level 12 in Fighting
 13652 | Lair:3   | Reached XP level 13. HP: 81/86 MP: 16/16
 13657 | Lair:3   | 13657 ||| INVOKING Heroism.
 13663 | Lair:3   | Reached **** piety under Okawaru
 13722 | Lair:3   | You fall into a shaft and drop 1 floor!
 13737 | Lair:4   | 13737 ||| Stepping ~*~*~tactically~*~*~ (stealth).
 13738 | Lair:4   | 13738 ||| INVOKING Heroism.
 13771 | Lair:4   | 13771 ||| Stepping ~*~*~tactically~*~*~ (stealth).
 13773 | Lair:4   | 13773 ||| Stepping ~*~*~tactically~*~*~ (stealth).
 13792 | Lair:4   | Found a staircase to the Slime Pits.
 13797 | Lair:4   | 13797 ||| Stepping ~*~*~tactically~*~*~ (stealth).
 13966 | Lair:3   | 13966 ||| INVOKING Heroism.
 13998 | Lair:3   | You fall into a shaft and drop 2 floors!
 13998 | Lair:5   | Entered Level 5 of the Lair of Beasts
 14065 | Lair:5   | 14065 ||| INVOKING Heroism.
 14118 | Lair:5   | 14118 ||| INVOKING Heroism.
 14137 | Lair:5   | 14137 ||| INVOKING Heroism.
 14192 | Lair:5   | 14192 ||| Stepping ~*~*~tactically~*~*~ (stealth).
 14196 | Lair:5   | 14196 ||| INVOKING Heroism.
 14206 | Lair:5   | 14206 ||| SWAPPING to -1 hand axe of flaming.
 14220 | Lair:5   | 14220 ||| SWAPPING to +3 vampiric war axe.
 14250 | Lair:5   | 14250 ||| Stepping ~*~*~tactically~*~*~ (stealth).
 14291 | Lair:5   | Reached skill level 16 in Axes
 14318 | Lair:5   | 14318 ||| INVOKING Heroism.
 14393 | Lair:5   | 14393 ||| INVOKING Heroism.
 14396 | Lair:5   | Reached skill level 6 in Invocations
 14410 | Lair:5   | 14410 ||| INVOKING Heroism.
 14581 | Lair:5   | 14581 ||| INVOKING Heroism.
 14865 | Lair:3   | 14865 ||| READING scroll labelled VAATUUN OX IRPH.
 14865 | Lair:3   | Identified a scroll of acquirement
 14865 | Lair:3   | 14865 ||| ACQUIRING +2 cloak of the Thief {*Fog Slay-2 SInv
                  | Stlth+}
 14865 | Lair:3   | Acquired the +2 cloak of the Thief {*Fog Slay-2 SInv
                  | Stlth+}
 14865 | Lair:3   | Found the +2 cloak of the Thief {*Fog Slay-2 SInv Stlth+}
 14867 | Lair:3   | 14867 ||| UPGRADING to +2 cloak of the Thief {*Fog Slay-2
                  | SInv Stlth+}.
 14932 | Lair:4   | 14932 ||| Stepping ~*~*~tactically~*~*~ (stealth).
 14934 | Lair:4   | 14934 ||| Stepping ~*~*~tactically~*~*~ (stealth).
 15053 | Lair:4   | 15053 ||| INVOKING Heroism.
 15054 | Lair:4   | 15054 ||| SWAPPING to -1 hand axe of flaming.
 15070 | Lair:4   | 15070 ||| SWAPPING to +3 vampiric war axe.
 15090 | Lair:4   | 15090 ||| Stepping ~*~*~tactically~*~*~ (stealth).
 15176 | Lair:4   | 15176 ||| Stepping ~*~*~tactically~*~*~ (stealth).
 15178 | Lair:4   | 15178 ||| INVOKING Heroism.
 15179 | Lair:4   | 15179 ||| Stepping ~*~*~tactically~*~*~ (stealth).
 15210 | Lair:4   | Identified the +7 dagger "Litzuefi" {pain, rF+ Int+7}
 15279 | Lair:4   | 15279 ||| Stepping ~*~*~tactically~*~*~ (stealth).
 15281 | Lair:4   | 15281 ||| Stepping ~*~*~tactically~*~*~ (stealth).
 15292 | Lair:4   | 15292 ||| INVOKING Heroism.
 15406 | Lair:4   | 15406 ||| INVOKING Heroism.
 15413 | Lair:4   | HP: 18/87 [fire elemental[the fiery vengeance of Ignis]
                  | (10)]
 15414 | Lair:4   | 15414 ||| READING 6 scrolls of teleportation.
 15415 | Lair:4   | 15415 ||| DRINKING 3 potions of heal wounds.
 15428 | Lair:4   | 15428 ||| INVOKING Heroism.
 15521 | Lair:4   | 15521 ||| Stepping ~*~*~tactically~*~*~ (stealth).
 15586 | Lair:4   | 15586 ||| Stepping ~*~*~tactically~*~*~ (stealth).
 15593 | Lair:4   | 15593 ||| Stepping ~*~*~tactically~*~*~ (stealth).
 15595 | Lair:4   | 15595 ||| Stepping ~*~*~tactically~*~*~ (stealth).
 15952 | Lair:4   | 15952 ||| READING scroll labelled PIGGIE OPNAS.
 15953 | Lair:4   | 15953 ||| READING 3 scrolls of identify.
 15953 | Lair:4   | 15953 ||| IDENTIFYING white potion
 15954 | Lair:4   | 15954 ||| DROPPING potion of degeneration.
 16086 | Lair:5   | Noticed a dire elephant
 16087 | Lair:5   | Noticed a dire elephant
 16094 | Lair:5   | 16094 ||| INVOKING Heroism.
 16095 | Lair:5   | Noticed a dire elephant
 16120 | Lair:5   | Killed a dire elephant
 16124 | Lair:5   | 16124 ||| Stepping ~*~*~tactically~*~*~ (stealth).
 16175 | Lair:5   | 16175 ||| Stepping ~*~*~tactically~*~*~ (stealth).
 16177 | Lair:5   | 16177 ||| Stepping ~*~*~tactically~*~*~ (stealth).
 16215 | Lair:5   | Gained mutation: Your large and strong wings let you fly.
                  | [Gargoyle growth]
 16215 | Lair:5   | Reached XP level 14. HP: 77/94 MP: 20/20
 16238 | Lair:5   | 16238 ||| INVOKING Heroism.
 16311 | Lair:5   | Reached ***** piety under Okawaru
 16344 | Lair:5   | 16344 ||| INVOKING Heroism.
 16359 | Lair:5   | 16359 ||| Stepping ~*~*~tactically~*~*~ (hiding).
 16392 | Lair:5   | 16392 ||| INVOKING Heroism.
 16392 | Lair:5   | Gained mutation: You are weak. (Str -2) [a neqoxec]
 16411 | Lair:5   | 16411 ||| READING 5 scrolls of teleportation.
 16565 | Lair:5   | 16565 ||| Stepping ~*~*~tactically~*~*~ (stealth).
 16727 | Lair:5   | 16727 ||| Stepping ~*~*~tactically~*~*~ (hiding).
 16737 | Lair:5   | Reached skill level 9 in Invocations
 16752 | Lair:5   | Reached skill level 9 in Armour
 16798 | Lair:5   | 16798 ||| Stepping ~*~*~tactically~*~*~ (stealth).
 16812 | Lair:5   | 16812 ||| Stepping ~*~*~tactically~*~*~ (stealth).
 16812 | Lair:5   | Was forgiven by Ignis
 16896 | Lair:5   | 16896 ||| Stepping ~*~*~tactically~*~*~ (stealth).
 16955 | Lair:5   | 16955 ||| Stepping ~*~*~tactically~*~*~ (stealth).
 16956 | Lair:5   | 16956 ||| INVOKING Heroism.
 16979 | Lair:5   | Killed a dire elephant
 17008 | Lair:5   | Killed a dire elephant
 17013 | Lair:5   | 17013 ||| INVOKING Heroism.
 17082 | Lair:5   | 17082 ||| INVOKING Heroism.
 17122 | Lair:5   | HP: 17/92 [ice devil[an obsidian statue] (23)]
 17123 | Lair:5   | 17123 ||| READING 4 scrolls of teleportation.
 17124 | Lair:5   | 17124 ||| DRINKING 2 potions of heal wounds.
 17125 | Lair:5   | 17125 ||| INVOKING Heroism.
 17132 | Lair:5   | 17132 ||| Stepping ~*~*~tactically~*~*~ (stealth).
 17138 | Lair:5   | 17138 ||| Stepping ~*~*~tactically~*~*~ (stealth).
 17141 | Lair:5   | 17141 ||| Stepping ~*~*~tactically~*~*~ (stealth).
 17168 | Lair:5   | 17168 ||| Stepping ~*~*~tactically~*~*~ (stealth).
 17188 | Lair:5   | 17188 ||| INVOKING Heroism.
 17287 | Lair:5   | 17287 ||| INVOKING Heroism.
 17334 | Lair:5   | 17334 ||| INVOKING Heroism.
 17382 | Lair:5   | 17382 ||| INVOKING Heroism.
 17470 | Lair:5   | 17470 ||| INVOKING Heroism.
 17527 | Lair:5   | 17527 ||| PLANNING D:1-11
 17527 | Lair:5   | 17527 ||| READING scroll labelled VIMEICS YRRIES.
 17586 | Lair:5   | 17586 ||| Stepping ~*~*~tactically~*~*~ (stealth).
 17597 | Lair:5   | 17597 ||| Stepping ~*~*~tactically~*~*~ (stealth).
 17736 | D:11     | Noticed Grum
 17737 | D:11     | 17737 ||| INVOKING Heroism.
 17751 | D:11     | Killed Grum
 17761 | D:11     | 17761 ||| Stepping ~*~*~tactically~*~*~ (stealth).
 17762 | D:11     | 17762 ||| Stepping ~*~*~tactically~*~*~ (stealth).
 17764 | D:11     | 17764 ||| Stepping ~*~*~tactically~*~*~ (stealth).
 17765 | D:11     | 17765 ||| Stepping ~*~*~tactically~*~*~ (stealth).
 17845 | D:11     | 17845 ||| Stepping ~*~*~tactically~*~*~ (stealth).
 17857 | D:11     | 17857 ||| Stepping ~*~*~tactically~*~*~ (hiding).
 17858 | D:11     | 17858 ||| Stepping ~*~*~tactically~*~*~ (hiding).
 17945 | D:11     | 17945 ||| Stepping ~*~*~tactically~*~*~ (stealth).
 17946 | D:11     | 17946 ||| Stepping ~*~*~tactically~*~*~ (stealth).
 17958 | D:11     | Gained mutation: You sometimes lose your temper in combat.
                  | [a neqoxec]
 17960 | D:11     | Gained mutation: You are clumsy. (Dex -2) [a neqoxec]
 17974 | D:11     | 17974 ||| DRINKING potion of mutation.
 17974 | D:11     | Lost mutation: You sometimes lose your temper in combat.
                  | [potion of mutation]
 17974 | D:11     | Lost mutation: You are weak. (Str -2) [potion of mutation]
 17974 | D:11     | Lost mutation: You are clumsy. (Dex -2) [potion of
                  | mutation]
 17974 | D:11     | Gained mutation: You occasionally shout uncontrollably at
                  | your foes. [potion of mutation]
 17974 | D:11     | Gained mutation: Your spells are a little harder to cast,
                  | but a little more powerful. [potion of mutation]
 17974 | D:11     | Gained mutation: Your flesh is heat resistant. (rF+)
                  | [potion of mutation]
 18029 | D:11     | Noticed Joseph
 18047 | D:11     | Killed Joseph
 18118 | D:11     | Noticed Erica
 18119 | D:11     | 18119 ||| INVOKING Heroism.
 18123 | D:11     | 18123 ||| DRINKING 4 potions of curing.
 18123 | D:11     | 18123 ||| (to cure confusion)
 18132 | D:11     | Killed Erica
 18147 | D:11     | 18147 ||| Stepping ~*~*~tactically~*~*~ (stealth).
 18148 | D:11     | 18148 ||| Stepping ~*~*~tactically~*~*~ (stealth).
 18184 | D:11     | 18184 ||| Stepping ~*~*~tactically~*~*~ (stealth).
 18202 | D:11     | 18202 ||| Stepping ~*~*~tactically~*~*~ (stealth).
 18526 | D:11     | 18526 ||| PLANNING D
 18575 | D:12     | 18575 ||| INVOKING Heroism.
 18619 | D:12     | Found a staircase to the Orcish Mines.
 18659 | D:12     | 18659 ||| Stepping ~*~*~tactically~*~*~ (stealth).
 18661 | D:12     | 18661 ||| Stepping ~*~*~tactically~*~*~ (stealth).
 18710 | D:12     | 18710 ||| Stepping ~*~*~tactically~*~*~ (hiding).
 18828 | D:12     | 18828 ||| Stepping ~*~*~tactically~*~*~ (stealth).
 18960 | D:12     | 18960 ||| Stepping ~*~*~tactically~*~*~ (stealth).
 18970 | D:12     | Received a gift from Okawaru
 19045 | D:12     | 19045 ||| Stepping ~*~*~tactically~*~*~ (stealth).
 19053 | D:12     | 19053 ||| Stepping ~*~*~tactically~*~*~ (hiding).
 19120 | D:12     | 19120 ||| Stepping ~*~*~tactically~*~*~ (stealth).
 19122 | D:12     | 19122 ||| Stepping ~*~*~tactically~*~*~ (stealth).
 19138 | D:12     | 19138 ||| Stepping ~*~*~tactically~*~*~ (stealth).
 19139 | D:12     | 19139 ||| Stepping ~*~*~tactically~*~*~ (stealth).
 19141 | D:12     | 19141 ||| Stepping ~*~*~tactically~*~*~ (stealth).
 19144 | D:12     | 19144 ||| Stepping ~*~*~tactically~*~*~ (stealth).
 19152 | D:12     | 19152 ||| INVOKING Heroism.
 19183 | D:12     | 19183 ||| INVOKING Heroism.
 19189 | D:12     | Reached skill level 15 in Fighting
 19225 | D:12     | 19225 ||| Stepping ~*~*~tactically~*~*~ (stealth).
 19253 | D:12     | 19253 ||| Stepping ~*~*~tactically~*~*~ (stealth).
 19254 | D:12     | 19254 ||| Stepping ~*~*~tactically~*~*~ (stealth).
 19255 | D:12     | 19255 ||| Stepping ~*~*~tactically~*~*~ (stealth).
 19259 | D:12     | 19259 ||| INVOKING Heroism.
 19429 | D:12     | 19429 ||| UPGRADING to +0 kite shield.
 19434 | D:12     | 19434 ||| READING 2 scrolls of identify.
 19434 | D:12     | 19434 ||| IDENTIFYING murky cyan potion
 19435 | D:12     | 19435 ||| DROPPING potion of flight.
 19486 | D:13     | Noticed Frances
 19487 | D:13     | 19487 ||| INVOKING Heroism.
 19489 | D:13     | Noticed Lodul
 19501 | D:13     | Killed Lodul
 19502 | D:13     | Reached skill level 1 in Shields
 19507 | D:13     | Killed Frances
 19508 | D:13     | Reached skill level 3 in Shields
 19559 | D:13     | 19559 ||| Stepping ~*~*~tactically~*~*~ (stealth).
 19609 | D:13     | 19609 ||| READING scroll of enchant armour.
 19609 | D:13     | 19609 ||| ENCHANTING +0 helmet.
 19684 | D:13     | 19684 ||| INVOKING Heroism.
 19712 | D:13     | Reached XP level 15. HP: 45/103 MP: 22/22
 19718 | D:13     | 19718 ||| INVOKING Heroism.
 19746 | D:13     | Reached skill level 6 in Shields
 20108 | D:14     | 20108 ||| Stepping ~*~*~tactically~*~*~ (stealth).
 20139 | D:14     | Found Qelofe's Antique Weapon Shop.
 20193 | D:14     | 20193 ||| Stepping ~*~*~tactically~*~*~ (stealth).
 20195 | D:14     | 20195 ||| Stepping ~*~*~tactically~*~*~ (stealth).
 20197 | D:14     | 20197 ||| Stepping ~*~*~tactically~*~*~ (stealth).
 20199 | D:14     | 20199 ||| Stepping ~*~*~tactically~*~*~ (stealth).
 20522 | D:14     | 20522 ||| Stepping ~*~*~tactically~*~*~ (hiding).
 20647 | D:14     | 20647 ||| INVOKING Heroism.
 20692 | D:14     | 20692 ||| INVOKING Heroism.
 20715 | D:14     | Reached skill level 9 in Shields
 20773 | D:14     | Found a gate to the Vaults.
 20847 | D:14     | 20847 ||| DROPPING amulet of magic regeneration.
 20852 | D:15     | Entered Level 15 of the Dungeon
 20864 | D:15     | 20864 ||| Stepping ~*~*~tactically~*~*~ (hiding).
 20909 | D:15     | 20909 ||| Stepping ~*~*~tactically~*~*~ (hiding).
 20921 | D:15     | Received a gift from Okawaru
 20941 | D:15     | 20941 ||| INVOKING Heroism.
 20943 | D:15     | 20943 ||| Stepping ~*~*~tactically~*~*~ (hiding).
 20944 | D:15     | 20944 ||| Stepping ~*~*~tactically~*~*~ (hiding).
 20999 | D:15     | 20999 ||| Stepping ~*~*~tactically~*~*~ (stealth).
 21001 | D:15     | 21001 ||| Stepping ~*~*~tactically~*~*~ (stealth).
 21003 | D:15     | 21003 ||| Stepping ~*~*~tactically~*~*~ (stealth).
 21021 | D:15     | 21021 ||| INVOKING Heroism.
 21036 | D:15     | 21036 ||| Stepping ~*~*~tactically~*~*~ (hiding).
 21097 | D:15     | Found a staircase to the Depths.
 21207 | D:15     | Found a frozen archway.
 21420 | D:15     | Noticed Nessos
 21421 | D:15     | 21421 ||| Stepping ~*~*~tactically~*~*~ (hiding).
 21422 | D:15     | 21422 ||| Stepping ~*~*~tactically~*~*~ (hiding).
 21425 | D:15     | 21425 ||| INVOKING Finesse.
 21451 | D:15     | Killed Nessos
 21477 | D:15     | 21477 ||| INVOKING Heroism.
 21478 | D:15     | 21478 ||| INVOKING Finesse.
 21481 | D:15     | 21481 ||| SWAPPING to -1 hand axe of flaming.
 21486 | D:15     | 21486 ||| SWAPPING to +3 vampiric war axe.
 21788 | D:15     | 21788 ||| Stepping ~*~*~tactically~*~*~ (stealth).
 21801 | D:15     | 21801 ||| Stepping ~*~*~tactically~*~*~ (stealth).
 21802 | D:15     | 21802 ||| Stepping ~*~*~tactically~*~*~ (stealth).
 21804 | D:15     | 21804 ||| Stepping ~*~*~tactically~*~*~ (stealth).
 21805 | D:15     | 21805 ||| Stepping ~*~*~tactically~*~*~ (stealth).
 21806 | D:15     | 21806 ||| Stepping ~*~*~tactically~*~*~ (stealth).
 21811 | D:15     | 21811 ||| Stepping ~*~*~tactically~*~*~ (stealth).
 21868 | D:15     | 21868 ||| INVOKING Heroism.
 21869 | D:15     | 21869 ||| INVOKING Finesse.
 21873 | D:15     | 21873 ||| SWAPPING to -1 hand axe of flaming.
 21883 | D:15     | 21883 ||| SWAPPING to +3 vampiric war axe.
 21961 | D:15     | 21961 ||| PLANNING ORC
 21961 | D:15     | 21961 ||| DROPPING scarf of harm.
 22085 | Orc:1    | Entered Level 1 of the Orcish Mines
 22085 | Orc:1    | Noticed Sonja
 22085 | Orc:1    | Noticed Jorgrun
 22086 | Orc:1    | 22086 ||| INVOKING Heroism.
 22097 | Orc:1    | 22097 ||| DRINKING 4 potions of curing.
 22097 | Orc:1    | 22097 ||| (to cure confusion)
 22123 | Orc:1    | 22123 ||| INVOKING Heroism.
 22123 | Orc:1    | Killed Jorgrun
 22129 | Orc:1    | Killed Sonja
 22134 | Orc:1    | 22134 ||| Stepping ~*~*~tactically~*~*~ (stealth).
 22135 | Orc:1    | 22135 ||| Stepping ~*~*~tactically~*~*~ (stealth).
 22136 | Orc:1    | 22136 ||| Stepping ~*~*~tactically~*~*~ (stealth).
 22404 | Orc:2    | Entered Level 2 of the Orcish Mines
 22433 | Orc:2    | Reached skill level 12 in Shields
 22442 | Orc:2    | 22442 ||| Stepping ~*~*~tactically~*~*~ (stealth).
 22444 | Orc:2    | 22444 ||| Stepping ~*~*~tactically~*~*~ (hiding).
 22445 | Orc:2    | 22445 ||| Stepping ~*~*~tactically~*~*~ (hiding).
 22446 | Orc:2    | 22446 ||| Stepping ~*~*~tactically~*~*~ (hiding).
 22465 | Orc:2    | 22465 ||| Stepping ~*~*~tactically~*~*~ (hiding).
 22477 | Orc:2    | 22477 ||| INVOKING Heroism.
 22487 | Orc:2    | Noticed Saint Roka
 22515 | Orc:2    | HP: 14/103 [Saint Roka/+6 heavy glaive (22)]
 22516 | Orc:2    | 22516 ||| READING 8 scrolls of teleportation.
 22517 | Orc:2    | 22517 ||| DRINKING potion of heal wounds.
 22522 | Orc:2    | Found Jahawa's Antique Armour Shoppe.
 22570 | Orc:1    | 22570 ||| INVOKING Heroism.
 22627 | Orc:1    | Found Niefelat's Firing Range.
 22770 | Orc:2    | Found a staircase to the Elven Halls.
 22822 | Orc:2    | 22822 ||| INVOKING Heroism.
 22868 | Orc:2    | 22868 ||| INVOKING Heroism.
 22873 | Orc:2    | Received a gift from Okawaru
 22918 | Orc:2    | HP: 19/103 [Saint Roka/divine providence (14)]
 22919 | Orc:2    | 22919 ||| READING 7 scrolls of teleportation.
 22923 | Orc:2    | HP: 11/103 [Saint Roka/divine providence (14)]
 22934 | Orc:2    | 22934 ||| INVOKING Heroism.
 22938 | Orc:2    | 22938 ||| Stepping ~*~*~tactically~*~*~ (stealth).
 23095 | Orc:2    | 23095 ||| INVOKING Heroism.
 23096 | Orc:2    | Found Tacumn's General Store.
 23123 | Orc:2    | Killed Saint Roka
 23124 | Orc:2    | Reached skill level 3 in Throwing
 23124 | Orc:2    | Reached XP level 16. HP: 90/108 MP: 23/23
 23145 | Orc:2    | Found Saqukh's Antique Armour Emporium.
 23159 | Orc:2    | 23159 ||| BUYING ice dragon scales (1620 gold).
 23159 | Orc:2    | Bought ice dragon scales for 1620 gold pieces
 23159 | Orc:2    | 23159 ||| SHOPLISTING runed storm dragon scales (2241 gold,
                  | have 647).
 23159 | Orc:2    | 23159 ||| BUYING shiny chain mail (202 gold).
 23159 | Orc:2    | Bought a shiny chain mail for 202 gold pieces
 23167 | Orc:2    | Found Omyk's Antique Weapon Emporium.
 23361 | Orc:2    | Found Kiciawk's Book Emporium.
 23570 | Orc:2    | 23570 ||| PLANNING SPIDER:1-3
 23570 | Orc:2    | 23570 ||| PLANNING LAIR
 23570 | Orc:2    | 23570 ||| UPGRADING to +0 ice dragon scales.
 23580 | Orc:2    | 23580 ||| DROPPING +2 chain mail of poison resistance.
 23852 | Lair:4   | 23852 ||| INVOKING Heroism.
 23879 | Lair:4   | 23879 ||| INVOKING Heroism.
 23886 | Lair:4   | 23886 ||| DRINKING 3 potions of curing.
 23886 | Lair:4   | 23886 ||| (to cure confusion)
 23892 | Lair:4   | 23892 ||| DRINKING 2 potions of curing.
 23892 | Lair:4   | 23892 ||| (to cure confusion)
 23928 | Lair:4   | 23928 ||| INVOKING Heroism.
 23982 | Lair:4   | 23982 ||| DRINKING potion of curing.
 23982 | Lair:4   | 23982 ||| (to cure confusion)
 23994 | Lair:4   | 23994 ||| INVOKING Heroism.
 24030 | Lair:4   | HP: 26/108 [four-headed hydra[an orange crystal statue]
                  | (8)]
 24037 | Lair:4   | 24037 ||| SWAPPING to -1 hand axe of flaming.
 24043 | Lair:4   | 24043 ||| SWAPPING to +3 vampiric war axe.
 24044 | Lair:4   | HP: 22/108 [cane toad[an orange crystal statue] (8)]
 24045 | Lair:4   | 24045 ||| READING 6 scrolls of teleportation.
 24049 | Lair:4   | HP: 20/108 [cane toad[an orange crystal statue] (4)]
 24082 | Lair:4   | 24082 ||| INVOKING Heroism.
 24302 | Lair:4   | 24302 ||| INVOKING Heroism.
 24373 | Lair:4   | 24373 ||| INVOKING Heroism.
 24463 | Lair:4   | 24463 ||| INVOKING Heroism.
 24499 | Lair:4   | 24499 ||| INVOKING Heroism.
 24519 | Lair:4   | 24519 ||| SWAPPING to -1 hand axe of flaming.
 24525 | Lair:4   | 24525 ||| SWAPPING to +3 vampiric war axe.
 24534 | Lair:4   | 24534 ||| INVOKING Heroism.
 24535 | Lair:4   | 24535 ||| SWAPPING to -1 hand axe of flaming.
 24542 | Lair:4   | 24542 ||| SWAPPING to +3 vampiric war axe.
 24740 | Lair:5   | 24740 ||| PLANNING SPIDER:1-3
 24782 | Spider:1 | Entered Level 1 of the Spider Nest
 24787 | Spider:1 | 24787 ||| INVOKING Heroism.
 24918 | Spider:1 | 24918 ||| Stepping ~*~*~tactically~*~*~ (stealth).
 25222 | Spider:1 | 25222 ||| DRINKING potion of curing.
 25222 | Spider:1 | 25222 ||| (to cure confusion)
 25553 | Spider:1 | 25553 ||| INVOKING Heroism.
 25582 | Spider:1 | 25582 ||| Stepping ~*~*~tactically~*~*~ (hiding).
 25621 | Spider:1 | Identified the +2 robe of the Distant Future {*Slow rF+++
                  | Int-3 Dex+5}
 25751 | Spider:1 | 25751 ||| READING scroll of enchant armour.
 25751 | Spider:1 | 25751 ||| ENCHANTING +1 helmet.
 25822 | Spider:1 | 25822 ||| Stepping ~*~*~tactically~*~*~ (stealth).
 25823 | Spider:1 | 25823 ||| Stepping ~*~*~tactically~*~*~ (stealth).
 25993 | Spider:2 | Noticed Zosacw's ghost (adept HaHu)
 25993 | Spider:2 | Found a runed translucent door.
 26730 | Spider:2 | 26730 ||| INVOKING Heroism.
 26745 | Spider:2 | Reached skill level 6 in Throwing
 26761 | Spider:2 | Reached skill level 12 in Armour
 26798 | Spider:2 | Received a gift from Okawaru
 26800 | Spider:2 | 26800 ||| INVOKING Heroism.
 26893 | Spider:2 | 26893 ||| Stepping ~*~*~tactically~*~*~ (hiding).
 26916 | Spider:2 | 26916 ||| INVOKING Heroism.
 26923 | Spider:2 | 26923 ||| Stepping ~*~*~tactically~*~*~ (stealth).
 26927 | Spider:2 | 26927 ||| Stepping ~*~*~tactically~*~*~ (stealth).
 26954 | Spider:2 | 26954 ||| DROPPING ring of willpower.
 26974 | Spider:2 | 26974 ||| INVOKING Heroism.
 26983 | Spider:2 | HP: 22/98 [jorogumo (15)]
 26984 | Spider:2 | 26984 ||| READING 6 scrolls of teleportation.
 26986 | Spider:2 | HP: 6/94 [jorogumo/bolt of negative energy (11)]
 27357 | Spider:2 | 27357 ||| Stepping ~*~*~tactically~*~*~ (stealth).
 27522 | Spider:3 | 27522 ||| STAIRDANCE
 27545 | Spider:2 | 27545 ||| INVOKING Heroism.
 27660 | Spider:3 | 27660 ||| STAIRDANCE
 27731 | Spider:3 | 27731 ||| INVOKING Heroism.
 27776 | Spider:3 | HP: 24/108 [demonic crawler (13)]
 27777 | Spider:3 | 27777 ||| READING 5 scrolls of teleportation.
 27777 | Spider:3 | HP: 6/108 [emperor scorpion (18)]
 27777 | Spider:3 | HP: 1/108 [demonic crawler (5)]
 27777 | Spider:3 | Mangled by an emperor scorpion

Levels and vault maps discovered:
D:1:      minmay_arrival_four_houses, layout_loops_ring, feat_on_display
D:2:      layout_basic, serial_co_window_serial, co_window_paths_b,
          co_window_paths_b, co_window_paths_a, co_window_of_opportunity_a,
          co_window_corner_a, co_window_paths_b, co_window_broadway_b,
          co_window_unsneaky_path_a, co_window_2corner,
          co_window_unsneaky_path_d, co_window_corner_b, co_window_sun,
          glass_columns_a, glass_columns_a, glass_columns_a, glass_columns_c,
          minmay_octomino_e4, uniq_terence
D:3:      layout_basic, uniq_crazy_yiuf_cottage
D:4:      layout_basic, uniq_edmund, uniq_natasha
D:5:      layout_loops_corners, uniq_ijyb, uniq_menkaure
D:6:      minmay_opposing_rooms, layout_layer_cave, serial_shops, shop,
          nicolae_lava_and_water, uniq_maggie
D:7:      layout_loops_ring, minmay_temple_entry_enclosed_plants,
          kennysheep_generic_room_4
D:8:      layout_layer_cave, minitemple
D:9:      layout_rooms, lemuel_flamethrower_2, uniq_gastronok
D:10:     layout_loops_corners, lair_entry_dummy, trove_entry_hex_spiral,
          serial_shops, shop_statue, uniq_nergalle
D:11:     layout_rooms, minmay_sticks_and_stones, uniq_erica, uniq_grum
D:12:     layout_loops_ring, orc_0_dummy, special_room [special_room_bee]
D:13:     layout_big_octagon, uniq_frances, uniq_lodul
D:14:     layout_loops_ring, hangedman_vaults_entry_quadrant_bands,
          serial_bayou_lagoon_a, serial_shops, shop
D:15:     gammafunk_depths_entry_grave, layout_basic,
          portal_ice_cave_entry_frozen_things, grunt_ministairs_10,
          hangedman_abyss_or_decor_stabs, uniq_nessos
Lair:1:   layout_small_grid, st_stairs_4
Lair:2:   layout_regular_city, hellmonk_spider_entry_not_the_bees, basic_altar
Lair:3:   layout_cave_pods, palyth_hydra_swamp_entry, grunt_megastairs_1
Lair:4:   statuecave_lemuel, layout_small_grid, minmay_slime_entry_jelly_boxes,
          serial_bayou_pond_e, grunt_forest_large_clearing_hut,
          serial_bayou_shore_a
Lair:5:   due_jungle_book, layout_gridlike, serial_bayou_pond_b
Spider:1: layout_spider_delve, hellmonk_motheaten_closet
Spider:2: nicolae_spider_brood_tunnel, hellmonk_ghost_happy_afterlife,
          dreamdust_wasp_nest
Spider:3: layout_spider_delve, uniq_bai_suzhen
Orc:1:    layout_caves, nicolae_shop_firing_range, uniq_sonja, uniq_jorgrun
Orc:2:    grunt_orc_cross, layout_diamond_mine, serial_shops,
          nicolae_shop_advertising_works [nicolae_subvault_shop_adworks]

Skill      XL: |  1  2  3  4  5  6  7  8  9 10 11 12 13 14 15 16 |
---------------+-------------------------------------------------+-----
Axes           | 3 4 5 7 8 10 12 14 15 16 | 16.0
Armour         | 2 3 4 5 6 8 9 12 | 12.5
Fighting       | 5 6 8 9 11 12 13 15 | 15.0
Dodging        | 2 3 4 |  4.1
Throwing       | 1 2 3 6 |  6.0
Invocations    | 4 8 10 | 10.0
Shields        | 5 13 14 | 14.0
Spellcasting   | |  1.0
Fire Magic     | |  3.0

Action                     |  1- 3 |  4- 6 |  7- 9 | 10-12 | 13-15 | 16-18 || total
---------------------------+-------+-------+-------+-------+-------+-------++-------
  Melee: Hand axe          |   145 |   197 |   424 |    14 |    41 |    16 ||   837
         Punch             |       |     1 |     4 |     2 |    38 |       ||    45
         War axe           |       |       |     6 |   486 |  2089 |   958 ||  3539
  Throw: Boomerang         |       |       |    20 |   101 |    99 |    32 ||   252
         Javelin           |       |       |       |       |     4 |    49 ||    53
 Invoke: Fiery Armour      |     1 |     1 |     7 |     4 |       |       ||    13
         Heroism           |       |       |       |     3 |    52 |    18 ||    73
         Finesse           |       |       |       |       |     3 |       ||     3
    Use: Scroll            |     4 |     4 |     7 |    10 |    11 |     4 ||    40
         Potion            |       |     2 |     3 |     1 |     6 |     4 ||    16
   Stab: Petrified         |       |       |       |       |       |     1 ||     1
 Armour: Robe              |    30 |       |       |       |       |       ||    30
         Skin              |     1 |       |       |       |       |       ||     1
         Ring mail         |    23 |    10 |    40 |   262 |   957 |     2 ||  1294
         Scale mail        |       |    49 |    59 |       |       |       ||   108
         Chain mail        |       |       |   113 |       |       |       ||   113
         Ice dragon scales |       |       |       |       |       |   701 ||   701
  Dodge: Dodged            |    99 |   131 |   275 |   407 |  1355 |   971 ||  3238
  Block: Kite shield       |       |       |       |       |   410 |   716 ||  1126

Table legend:
 A = Non-vault XP
 B = Vault XP
 C = Vault XP percentage of total XP
 D = Non-vault monster count
 E = Vault monster count
 F = Vault count percentage of total count
                 A         B        C        D         E       F
            +---------+---------+-------+---------+---------+-------
      Total |  102562 |   72140 |  41.3 |     566 |     205 |  26.6
            +---------+---------+-------+---------+---------+-------
        D:1 |      40 |       0 |   0.0 |      22 |       0 |   0.0
        D:2 |      91 |      39 |  30.0 |      18 |       3 |  14.3
        D:3 |     105 |       0 |   0.0 |      26 |       0 |   0.0
        D:4 |     274 |     192 |  41.2 |      15 |       2 |  11.8
        D:5 |     183 |     204 |  52.7 |      14 |       2 |  12.5
        D:6 |     654 |    1653 |  71.7 |      12 |      11 |  47.8
        D:7 |    1296 |      45 |   3.4 |      33 |       1 |   2.9
        D:8 |    2643 |       0 |   0.0 |      24 |       0 |   0.0
        D:9 |    2521 |    1513 |  37.5 |      28 |       1 |   3.4
       D:10 |    4525 |     767 |  14.5 |      31 |       1 |   3.1
       D:11 |    3344 |    1676 |  33.4 |      26 |       5 |  16.1
       D:12 |    6289 |    2207 |  26.0 |      35 |      20 |  36.4
       D:13 |    6364 |    3084 |  32.6 |      17 |       9 |  34.6
       D:14 |    2589 |    8715 |  77.1 |       6 |      19 |  76.0
       D:15 |    6129 |    7933 |  56.4 |      12 |      12 |  50.0
     Lair:1 |    3845 |     206 |   5.1 |      19 |       1 |   5.0
     Lair:2 |    2795 |     551 |  16.5 |      15 |       5 |  25.0
     Lair:3 |    6025 |    3187 |  34.6 |      17 |       7 |  29.2
     Lair:4 |    4899 |    2565 |  34.4 |      19 |      18 |  48.6
     Lair:5 |   10944 |   15082 |  57.9 |      32 |      32 |  50.0
   Spider:1 |   13852 |    1522 |   9.9 |      35 |       2 |   5.4
   Spider:2 |   14749 |   10558 |  41.7 |      41 |      18 |  30.5
   Spider:3 |    3054 |       0 |   0.0 |       7 |       0 |   0.0
      Orc:1 |    2481 |    2361 |  48.8 |      22 |       2 |   8.3
      Orc:2 |    2871 |    8080 |  73.8 |      40 |      34 |  45.9
            +---------+---------+-------+---------+---------+-------
